 Dungeon Crawl Stone Soup version 0.14-a0-1168-gf5005bf (webtiles) character file.

3934 PolkaDot the Conjurer (level 9, 0/57 HPs)
             Began as a Vampire Conjurer on Nov 29, 2013.
             Was a Believer of Vehumet.
             Slain by Psyche
             ... wielding a +2,+4 dagger of chaos
              (7 damage)
             ... on Level 8 of the Dungeon.
             The game lasted 00:41:39 (8411 turns).

PolkaDot the Conjurer (Vampire Conjurer)            Turns: 8411, Time: 00:41:40

HP   0/57        AC  5     Str  7      XL: 9   Next: 79%
MP   8/14        EV 12     Int 20      God: Vehumet [**....]
Gold 465         SH  0     Dex 14      Spells:  5 memorised,  0 levels left

rFire  . . .     SeeInvis +     j - +2 spear (vamp)
rCold  + . .     Clarity  .     a - +0 robe
rNeg   + . .     Conserve .     (no shield)
rPois  .         rCorr    .     (no helmet)
rElec  .         rRot     .     v - +1 cloak
SustAb . .       Spirit   .     l - +0 pair of gloves
rMut   .         Warding  .     (no boots)
Saprov . . .     Stasis   .     (no amulet)
                                u - ring of protection from cold
                                b - ring of positive energy

@: regenerating very quickly, invisible, very slightly contaminated, somewhat
resistant to hostile enchantments, stealthy
A: bottle blood, fangs 3, see invisible, unbreathing
a: Bottle Blood, Renounce Religion


You were on level 8 of the Dungeon.
You worshipped Vehumet.
Vehumet was pleased with you.
You were almost alive.

You visited 2 branches of the dungeon, and saw 9 of its levels.
You also visited: Sewer.

You collected 465 gold pieces.

Inventory:

Hand weapons
 j - a +2,+2 vampiric spear (weapon)
 r - a +1,+1 orcish dagger of protection
Armour
 a - a +0 robe (worn)
 l - a +0 pair of gloves (worn)
 v - a +1 cloak (worn)
Magical devices
 g - a wand of fireball (4)
 x - a wand of random effects (10) {unknown}
Scrolls
 d - 2 scrolls of recharging {unknown}
 f - 5 scrolls of teleportation
 k - 2 scrolls of amnesia
 m - a scroll of enchant weapon I {unknown}
 n - 4 scrolls of remove curse
 s - 2 scrolls of identify
 w - a scroll of random uselessness {unknown}
 y - a scroll of fear {unknown}
 A - a scroll of blinking {unknown}
Jewellery
 b - a ring of positive energy (left hand)
 u - a ring of protection from cold (right hand)
Potions
 e - 2 potions of speed
 i - a potion of agility
 o - 2 potions of blood
 p - a potion of restore abilities
 q - a potion of curing
 t - 2 potions of heal wounds
 z - a potion of flight
Books
 c - a book of Conjurations

   Spells                             Type                      Level
   *Magic Dart                        Conjuration                  1
   *Searing Ray                       Conjuration                  2
   Dazzling Spray                     Conjuration/Hexes            3
   *Iskenderun's Mystic Blast         Conjuration                  4
   Iskenderun's Battlesphere          Conjuration/Charms           4
   Fulminant Prism                    Conjuration/Hexes            5
 h - a book of Enchantments

   Spells                             Type                      Level
   Cause Fear                         Hexes                        4
   Silence                            Hexes/Air                    5
   Tukima's Dance                     Hexes                        5
   Deflect Missiles                   Charms/Air                   6
   Haste                              Charms                       6
   Discord                            Hexes                        8


   Skills:
 - Level 2.1 Dodging
 - Level 3.0 Stealth
 - Level 1.0 Spellcasting
 * Level 11.0 Conjurations
 + Level 2.0 Ice Magic


You couldn't memorise any spells.
You knew the following spells:

 Your Spells              Type           Power        Failure   Level  Hunger
a - Magic Dart            Conj           ####         1%          1    ##.....
d - Iskenderun's Mystic   Conj           #####...     1%          4    #####..
s - Searing Ray           Conj           #####.       1%          2    ###....
z - Throw Flame           Conj/Fire      ###...       2%          2    ###....
A - Freeze                Ice            #...         10%         1    ##.....


Dungeon Overview and Level Annotations

Branches:
Dungeon (8/16)             Temple (1/1) D:5
   Lair: D:8-11

Altars:
Elyvilon
Makhleb
Nemelex Xobeh
Okawaru
Sif Muna
Trog
Vehumet
Xom
Yredelemnul

Shops:
D:7 *

Annotations:
D:8 Psyche


Innate Abilities, Weirdness & Mutations

Your natural rate of healing is extremely fast.
You can bottle blood from corpses.
You have razor-sharp teeth.*
You have supernaturally acute eyesight.
You can survive without breathing.*


Message History

* * * LOW HITPOINT WARNING * * *
Drink which item? (? for menu, Esc to quit)
Okay, then.
Psyche points at something and mumbles some strange words.
The puff of frost misses you.
Psyche casts a spell at something.
The magic dart hits you!
* * * LOW HITPOINT WARNING * * *
Psyche picks up an uncursed ring of hunger.
Psyche puts on an uncursed ring of hunger.
Casting: Searing Ray
Confirm with . or Enter, or press ? or * to list all spells.
Aiming: Searing Ray
Press: ? - help, Shift-Dir - straight line, f/p - Psyche
Aim: Psyche, wielding a dagger of chaos, wearing a robe and wearing an uncursed ring of hunger (heavily wounded, moving very quickly, hasn't noticed you)
The searing ray misses Psyche.
The searing ray hits Psyche.
Psyche is severely wounded.
Psyche hits you with a dagger of chaos!
You die...

##......# #.### #.....#
##.##.#### ##.#.## ##.......
#...#.#######.....####..(.....
....................@'.........
#......##.###.....####.........
##....)##.# ####.## ##.......#
###%...##.# #.# #.....#
......###.# #@# #...##
###...###.# #@# #+##
###.....(.# #.# #.....##### #.#
#.##.## #.# #.##.# #.# #.##.#
#.# .....# #.. ###### ### .


You could see Psyche.

Vanquished Creatures
  Prince Ribbit (D:5)
  Eustachio (D:4)
  A hippogriff (D:8)
  A wyvern (D:7)
  The ghost of Tolias the Slasher, an average HuSk (D:3)
  Edmund (D:4)
  An orc warrior (D:8)
  An ice beast (D:7)
  2 sky beasts
  The ghost of Tolias the Charmwright, an average HuSk of Kikubaaqudgha (D:4)
  2 phantoms
  The ghost of Yermak the Sneak, an average SpEn (Sewer)
  3 centaurs
  2 ogres
  7 giant frogs
  2 jellies
  3 goliath beetles (D:7)
  2 crimson imps
  2 hounds
  2 scorpions
  2 iguanas
  2 orc priests
  An orc wizard (D:7)
  3 worker ants
  A hound zombie (D:7)
  4 gnolls (D:5)
  12 adders
  4 giant mites
  A goliath beetle zombie (D:5)
  6 worms
  An adder zombie (D:6)
  3 grey rats
  5 giant geckos
  2 oozes
  17 orcs
  11 giant cockroaches
  12 hobgoblins
  7 jackals
  5 quokkas
  7 ball pythons
  10 bats
  10 giant newts
  A giant spore (D:8)
  14 goblins
  6 kobolds
  A kobold zombie (D:6)
  9 rats
  2 ballistomycetes (D:8)
196 creatures vanquished.

Notes
Turn   | Place    | Note
--------------------------------------------------------------
     0 | D:1      | PolkaDot, the Vampire Conjurer, began the quest for the Orb.
     0 | D:1      | Reached XP level 1. HP: 13/13 MP: 4/4
   305 | D:1      | Reached XP level 2. HP: 8/19 MP: 1/5
   984 | D:2      | Learned a level 2 spell: Searing Ray
   991 | D:2      | Reached XP level 3. HP: 8/24 MP: 0/6
  1138 | D:2      | Reached skill level 4 in Conjurations
  1417 | D:2      | Reached XP level 4. HP: 17/30 MP: 8/8
  1461 | D:2      | Noticed a moth of wrath
  1462 | D:2      | Found a bloodstained altar of Trog.
  2179 | D:3      | Noticed Tolias' ghost (average HuSk)
  2263 | D:4      | Noticed Edmund
  2306 | D:4      | Found a glowing drain.
  2324 | D:4      | Reached XP level 5. HP: 23/35 MP: 9/9
  2346 | Sewer    | Entered a sewer
  2491 | Sewer    | Reached skill level 5 in Conjurations
  2506 | Sewer    | Noticed Yermak's ghost (average SpEn)
  2530 | Sewer    | Killed Yermak's ghost
  2530 | Sewer    | Reached XP level 6. HP: 28/41 MP: 1/10
  2824 | Sewer    | Learned a level 4 spell: Iskenderun's Mystic Blast
  3280 | D:4      | Killed Edmund
  3280 | D:4      | Reached skill level 6 in Conjurations
  3419 | D:4      | Noticed Tolias' ghost (average HuSk)
  3434 | D:4      | Killed Tolias' ghost
  3434 | D:4      | Reached XP level 7. HP: 20/46 MP: 1/11
  3865 | D:5      | Entered Level 5 of the Dungeon
  4103 | D:5      | Noticed Eustachio
  4157 | D:5      | Reached skill level 7 in Conjurations
  4323 | D:5      | Noticed Prince Ribbit
  4471 | D:5      | Killed Prince Ribbit
  4471 | D:5      | Reached XP level 8. HP: 40/52 MP: 3/13
  4662 | D:5      | Found a staircase to the Ecumenical Temple.
  4672 | Temple   | Entered the Ecumenical Temple
  4676 | Temple   | Became a worshipper of Vehumet
  4750 | D:4      | Reached skill level 8 in Conjurations
  4770 | D:4      | Killed Eustachio
  4963 | D:3      | Killed Tolias' ghost
  5562 | D:6      | Found a bloodstained altar of Trog.
  5563 | D:6      | Found a white marble altar of Elyvilon.
  5767 | D:6      | Reached skill level 9 in Conjurations
  6001 | D:6      | Acquired Vehumet's first power
  6001 | D:6      | Offered knowledge of Freeze by Vehumet.
  6010 | D:6      | Learned a level 1 spell: Freeze
  6247 | D:7      | Found Riafi's Assorted Antiques.
  6864 | D:7      | Reached XP level 9. HP: 38/57 MP: 5/14
  7014 | D:7      | Found a burning altar of Makhleb.
  7014 | D:7      | Found a deep blue altar of Sif Muna.
  7110 | D:7      | Reached skill level 10 in Conjurations
  7578 | D:7      | Offered knowledge of Throw Flame by Vehumet.
  7582 | D:7      | Learned a level 2 spell: Throw Flame
  7782 | D:8      | Paralysed by a potion of paralysis for 7 turns
  7880 | D:8      | Reached skill level 1 in Ice Magic
  8160 | D:8      | Found a shimmering altar of Xom.
  8267 | D:8      | Reached skill level 11 in Conjurations
  8386 | D:8      | Noticed Psyche
  8411 | D:8      | Slain by Psyche

Action                   |  1- 3 |  4- 6 |  7- 9 || total
-------------------------+-------+-------+-------++-------
Melee: Dagger            |    78 |   177 |   106 ||   361
       Unarmed           |     5 |       |       ||     5
       Spear             |       |       |   244 ||   244
 Cast: Magic Dart        |    14 |     3 |     4 ||    21
       Searing Ray       |     2 |    10 |    59 ||    71
       Iskenderun's Myst |       |     2 |    10 ||    12
 Abil: Bottle Blood      |       |     5 |    30 ||    35
Evoke: Wand              |       |       |     1 ||     1
  Use: Potion            |     1 |    10 |    42 ||    53
       Scroll            |       |    15 |     6 ||    21
 Stab: Sleeping          |     1 |     5 |    11 ||    17
       Distracted        |       |     1 |       ||     1
